 Dungeon Crawl Stone Soup version 0.28-a0-1038-g9c4cb8273d (webtiles) character file.

Game seed: 6514588291736261253

980 Jannitor the Skirmisher (level 7, -6/56 HPs)
             Began as a Demonspawn Cinder Acolyte on Dec 8, 2021.
             Was an Elder of Ignis.
             Mangled by an ogre (25 damage)
             ... on level 5 of the Dungeon.
             The game lasted 00:05:07 (5506 turns).

Jannitor the Skirmisher (Demonspawn Cinder Acolyte) Turns: 5506, Time: 00:05:07

Health: -6/56      AC:  5    Str: 16    XL:     7   Next: 96%
Magic:  13/13      EV: 10    Int: 16    God:    Ignis [****..]
Gold:   182        SH:  0    Dex:  8    Spells: 12/14 levels left

rFire   + . .      SeeInvis .   a - +0 mace (flame)
rCold   . . .      Faith    .   (no shield)
rNeg    . . .      Spirit   .   p - +0 ring mail
rPois   +          Reflect  .   (helmet restricted)
rElec   .          Harm     .   (no cloak)
rCorr   .          Rampage  .   (no gloves)
Will    .....                   (no boots)
Stlth   ..........              (no amulet)
HPRegen 0.18/turn               n - ring of poison resistance
MPRegen 0.13/turn               (no ring)

@: no status effects
A: horns 2, spiny 3
a: Renounce Religion, Fiery Armour, Foxfire Swarm, Rising Flame


You were on level 5 of the Dungeon.
You worshipped Ignis.
Ignis was greatly pleased with you.
You visited 1 branch of the dungeon, and saw 5 of its levels.

You collected 182 gold pieces.

Inventory:

Hand Weapons
 a - a +0 mace of flaming (weapon)
Armour
 b - a +0 robe
 p - a +0 ring mail (worn)
Jewellery
 n - a ring of poison resistance (left hand)
Wands
 f - a wand of paralysis (7)
 o - a wand of charming (3)
Scrolls
 e - a scroll of brand weapon {unknown}
 g - a scroll of holy word
 i - a scroll of enchant armour {unknown}
 j - 2 scrolls of identify
 k - 2 scrolls of teleportation
 m - a scroll of fog {unknown}
Potions
 c - a potion of haste {unknown}
 d - a potion of magic
 h - a potion of flight
 l - 2 potions of attraction
 q - a potion of might {unknown}


   Skills:
 + Level 5.3 Fighting
 + Level 4.8 Maces & Flails
 + Level 1.6 Armour
 + Level 4.0 Spellcasting
 + Level 4.9 Fire Magic


You had 12 spell levels left.
You knew the following spells:

 Your Spells              Type           Power      Damage    Failure   Level
a - Scorch                Fire           36%        2d7       6%          2

Your spell library contained the following spells:

 Spells                   Type           Power      Damage    Failure   Level
 Call Canine Familiar     Summ           3%         N/A       67%         3
 Portal Projectile        Hex/Tloc       6%         N/A       67%         3
 Leda's Liquefaction      Hex/Erth       1%         N/A       97%         4


Dungeon Overview and Level Annotations

Branches:
Dungeon (5/15)
 Temple: D:4-7

Altars:
Gozag
Makhleb
Okawaru
Trog

Shops:
D:2 [

Annotations:
D:5 3 runed translucent doors, tensugalgo's ghost, novice OpTm


Innate Abilities, Weirdness & Mutations

You have a pair of horns on your head.
You are completely covered in sharp spines.


Message History

The adder hisses angrily.
An adder is nearby!
The adder bites you.
You hit the adder. You burn the adder.
The adder is moderately wounded.
The adder is struck by your spines. The adder barely misses you.
You miss the adder.
The adder is heavily wounded.
The adder bites you but does no damage. The adder barely misses you.
You closely miss the adder.
The adder is heavily wounded.
The adder is struck by your spines.
You kill the adder!
No target in view!
No target in view!
Found a runed translucent gate.
Found an opulent altar of Gozag.
Tensugalgo's ghost turns its malevolent gaze towards you.
The gnoll sergeant shouts!
The orc warrior shouts!
You now have 182 gold pieces (gained 16).
Tensugalgo's ghost wails.
Found a stone staircase leading down.
Found a stone staircase leading down.
An ogre comes into view. It is wielding a +0 giant club.
The ogre shouts!
An ogre is nearby!
Found a potion of attraction.
The ogre hits you with a +0 giant club!
You sock the ogre! You burn the ogre.
The ogre is moderately wounded.
The ogre is struck by your spines.
The ogre hits you with a +0 giant club!!
Ouch! That really hurt!
* * * LOW HITPOINT WARNING * * *
You are too injured to fight recklessly!
You hit the ogre. You burn the ogre.
The ogre is severely wounded.
The ogre is struck by your spines.
The ogre hits you with a +0 giant club!!
You die...

############........#....## #..
##..##........#.....##.....######
.#...#.......##.....##.....##....
.........#...##............).....
........##.#.............#.).....
...#.....###............####.))..
...#......##............###.....#
##.#.....###...O.....(...###.#...
........# #.>..@........###.....
......>................)..).....
######...................))......
#...##.....##............... #
#.....#....#...........
.......#.......###......
##.........<#.. ....... #.....
....... ##...... [...... .......


You could see an ogre.

Vanquished Creatures
  3 black bears
  2 phantoms
  A gnoll sergeant (D:5)
  A water moccasin zombie (D:5)
  A bullfrog zombie (D:5)
  4 hounds
  A scorpion zombie (D:5)
  An iguana (D:4)
  2 orc wizards
  3 gnolls (D:5)
  A river rat (D:4)
  4 adders
  2 worms
  A dart slug (D:2)
  8 orcs
  10 ball pythons
  7 endoplasms
  3 giant cockroaches
  6 goblins
  9 hobgoblins
  11 kobolds
  4 quokkas
  2 bats
  7 frilled lizards
  16 rats
110 creatures vanquished.

Vanquished Creatures (others)
  9 plants (D:2)
9 creatures vanquished.

Grand Total: 119 creatures vanquished

Notes
Turn   | Place    | Note
-------+----------+-------------------------------------------
     0 | D:1      | Jannitor the Demonspawn Cinder Acolyte began the quest for
                  | the Orb.
     0 | D:1      | Reached XP level 1. HP: 18/18 MP: 2/2
   328 | D:1      | Found a faded altar of an unknown god.
   364 | D:1      | Gained mutation: You have a pair of small horns on your
                  | head. [demonic ancestry]
   364 | D:1      | Reached XP level 2. HP: 13/24 MP: 3/3
   997 | D:1      | Gained mutation: You have a pair of horns on your head.
                  | [demonic ancestry]
   997 | D:1      | Reached XP level 3. HP: 24/29 MP: 5/5
  1303 | D:2      | Found Hoasu's Armour Boutique.
  1501 | D:2      | Learned a level 2 spell: Scorch
  2067 | D:2      | Gained mutation: You are partially covered in sharp spines.
                  | [demonic ancestry]
  2067 | D:2      | Reached XP level 4. HP: 31/36 MP: 6/6
  3117 | D:4      | Noticed a black bear
  3118 | D:4      | Noticed a black bear
  3119 | D:4      | Found a bloodstained altar of Trog.
  3131 | D:4      | Killed a black bear
  3132 | D:4      | Reached skill level 4 in Fighting
  3132 | D:4      | Gained mutation: You are mostly covered in sharp spines.
                  | [demonic ancestry]
  3132 | D:4      | Reached XP level 5. HP: 35/42 MP: 8/8
  3134 | D:4      | Killed a black bear
  3135 | D:4      | Reached XP level 6. HP: 31/49 MP: 8/10
  3258 | D:4      | Identified the +8 dagger of Attainder {vamp, rElec rCorr
                  | Dex+2 SInv}
  3479 | D:4      | Found a burning altar of Makhleb.
  3532 | D:4      | Found an iron altar of Okawaru.
  4279 | D:5      | Entered Level 5 of the Dungeon
  4289 | D:5      | Gained mutation: You are completely covered in sharp
                  | spines. [demonic ancestry]
  4289 | D:5      | Reached XP level 7. HP: 34/55 MP: 10/12
  4737 | D:5      | Reached skill level 5 in Fighting
  4765 | D:4      | Reached skill level 1 in Armour
  5245 | D:5      | Paralysed by an orc for 6 turns
  5432 | D:5      | Found a runed translucent gate.
  5434 | D:5      | Found a runed translucent gate.
  5434 | D:5      | Found an opulent altar of Gozag.
  5435 | D:5      | Found a runed translucent gate.
  5437 | D:5      | Noticed tensugalgo's ghost (novice OpTm)
  5506 | D:5      | Mangled by an ogre

Illustrated notes

Levels and vault maps discovered:
D:1:      wander_arrival_abandoned_jail, layout_basic, basic_ecumenical_altar
D:2:      layout_loops_ring, serial_shops,
          nicolae_shop_temple_entry_statues_fountains, lexackson_kobold_supper
D:3:      layout_basic
D:4:      layout_basic, makhleb_heckhound_becter, okawaru_metal_pillars_3,
          trog_ov_bears_minmay, portal_sewer_entry_e, grunt_decor_one_mirror,
          nrook_campfire
D:5:      layout_cave_pools, mainiacjoe_overflow_swirl, temple_hall,
          ebering_ghost_gozag

Skill      XL: |  1  2  3  4  5  6  7 |
---------------+----------------------+-----
Fire Magic     | 3 4 |  4.9
Maces & Flails | 3 4 |  4.8
Spellcasting   | 2 3 4 |  4.0
Fighting       | 4 5 |  5.3
Armour         | 1 |  1.6

Action                   |  1- 3 |  4- 6 |  7- 9 || total
-------------------------+-------+-------+-------++-------
Melee: Mace              |   134 |    83 |    36 ||   253
       Headbutt          |     8 |     6 |     7 ||    21
Invok: Fiery Armour      |       |     1 |     2 ||     3
  Use: Potion            |       |     2 |     3 ||     5
       Scroll            |       |     7 |       ||     7
 Stab: Invisible         |       |     1 |       ||     1
Armor: Robe              |    32 |    11 |     2 ||    45
       Ring mail         |       |       |    17 ||    17
Dodge: Dodged            |    99 |    67 |    19 ||   185

Table legend: (Time is in decaauts)
 A = Elapsed time spent in this place.
 B = Non-inter-level travel time spent in this place.
 C = Inter-level travel time spent in this place.
 D = Time resting spent in this place.
 E = Time spent auto-exploring this place.
 F = Levels seen in this place.
 G = Mean time per level.
                   A        B        C        D        E       F      G
               +--------+--------+--------+--------+--------+-----+--------+
         Total |   5569 |   5477 |     92 |   1076 |   3610 |   5 | 1113.8 |
       Dungeon |   5569 |   5477 |     92 |   1076 |   3610 |   5 | 1113.8 |
               +--------+--------+--------+--------+--------+-----+--------+

Top non-repeatable levels by time:
     D:4: 1855 daAuts
     D:1: 1278 daAuts
     D:2: 1111 daAuts
     D:3: 757 daAuts
     D:5: 567 daAuts
